 Dungeon Crawl Stone Soup version 0.26-a0-663-g36e8fdb655 (webtiles) character file.

Game seed: 1171287658262727801

706038 oldriver the Sorcerer (level 27, -1/175 HPs)
             Began as a Gargoyle Fire Elementalist on Oct 10, 2020.
             Was the Champion of Vehumet.
             Killed from afar by an orb of fire (13 damage)
             ... with a bolt of fire
             ... on level 5 of the Realm of Zot.
             The game lasted 05:06:01 (117280 turns).

oldriver the Sorcerer (GrFE)                      Turns: 117280, Time: 05:06:02

Health: -1/175     AC: 48    Str: 16 (20) XL:     27
Magic:  19/53      EV: 22    Int: 21 (24) God:    Vehumet [******]
Gold:   5681       SH:  0    Dex: 24 (28) Spells: 17/79 levels left

rFire    + + +     SeeInvis .   x - staff of fire
rCold    + + +     Faith    .   (no shield)
rNeg     + + +     Spirit   .   J - +6 leather armour of Calculation {rN+ MR+}
rPois    ∞         Reflect  .   Y - +0 hat "Zotzanyw" {rC++ Dex+4}
rElec    +         Harm     .   w - +4 dragonskin cloak
rCorr    +         Rampage  .   Q - +1 pair of gloves "Ihih" {Dex+8}
MR       +++++                  i - +2 pair of boots
Stlth    +++.......             d - amulet of the acrobat
HPRegen  0.00/turn              r - ring "Etaedwon" {MR++ AC+4 Str+7 Dex-2}
MPRegen  0.33/turn              M - ring "Teosaih" {Fire *Contam rElec Dex+8}

@: resistant, flying, studying Necromancy
A: big wings, beak, claws 1, iridescent scales 1, molten scales 1, blink, blurry
vision 1, deterioration 2, dopey 1, negative energy resistance 1, electricity
resistance, inhibited regeneration, weak 1, unbreathing, petrification
resistance, no potion heal 1, rot immunity, subdued magic 1, MP-powered wands,
AC +20
}: 4/15 runes: decaying, serpentine, slimy, silver
a: Stop Flying, Blink, Renounce Religion


You were on level 5 of the Realm of Zot.
You worshipped Vehumet.
Vehumet was exalted by your worship.
You visited 11 branches of the dungeon, and saw 57 of its levels.
You also visited: Ossuary and Gauntlet.

You collected 8789 gold pieces.
You spent 3108 gold pieces at shops.

Inventory:

Armour
 i - a +2 pair of boots (worn)
 w - the +4 dragonskin cloak (worn)
   (You took it off Tiamat on level 4 of the Realm of Zot)
 J - the +6 leather armour of Calculation (worn) {rN+ MR+}
   (You found it on level 10 of the Dungeon)

   It protects you from negative energy.
   It affects your resistance to hostile enchantments.
 Q - the +1 pair of gloves "Ihih" (worn) {Dex+8}
   (You acquired it on level 1 of the Swamp)

   It affects your dexterity (+8).
 Y - the +0 hat "Zotzanyw" (worn) {rC++ Dex+4}
   (You found it on level 15 of the Dungeon)

   It affects your dexterity (+4).
   It greatly protects you from cold.
Magical Staves
 x - an uncursed staff of fire (weapon)
Jewellery
 d - an amulet of the acrobat (around neck)
 k - an uncursed amulet of guardian spirit
 l - an uncursed ring of protection from fire
 r - the ring "Etaedwon" (left hand) {MR++ AC+4 Str+7 Dex-2}
   (You found it on level 2 of the Elven Halls)

   [ring of protection]

   It affects your AC (+4).
   It affects your strength (+7).
   It affects your dexterity (-2).
   It affects your resistance to hostile enchantments.
 M - the ring "Teosaih" (right hand) {Fire *Contam rElec Dex+8}
   (You found it in a Gauntlet)

   [ring of fire]

   It enhances your fire magic.
   It affects your dexterity (+8).
   It protects you from fire.
   It makes you vulnerable to cold.
   It insulates you from electricity.
   It causes magical contamination when unequipped.
 W - the ring "Vool" {rC++ MR+ Str-3 Int+3 SInv}
   (You acquired it on level 1 of the Swamp)

   [ring of protection from magic]

   It affects your strength (-3).
   It affects your intelligence (+3).
   It greatly protects you from cold.
   It affects your resistance to hostile enchantments.
   It lets you see invisible.
Wands
 c - a wand of digging (17)
 m - a wand of paralysis (28)
 o - a wand of disintegration (40)
 s - a wand of flame (9)
 u - a wand of polymorph (27)
 B - a wand of iceblast (62)
 E - a wand of random effects (41)
 U - a wand of acid (13)
Scrolls
 a - 5 scrolls of blinking
 g - 13 scrolls of amnesia
 h - 40 scrolls of remove curse
 n - 20 scrolls of identify
 q - 8 scrolls of magic mapping
 v - 5 scrolls of enchant armour
 y - 7 scrolls of enchant weapon
 D - 9 scrolls of fog
 G - 5 scrolls of silence
 H - 5 scrolls of holy word
 K - 32 scrolls of teleportation
 N - 10 scrolls of fear
 O - 3 scrolls of brand weapon
 R - a scroll of summoning
Potions
 b - 6 potions of stabbing
 e - 7 potions of lignification
 f - 3 potions of haste
 j - 3 potions of invisibility
 p - 4 potions of berserk rage
 t - 30 potions of curing
 z - 3 potions of cancellation
 A - 6 potions of ambrosia
 F - 4 potions of resistance
 I - 9 potions of might
 L - a potion of heal wounds
 T - 2 potions of mutation
Books
 C - a manual of Necromancy
Miscellaneous
 P - a condenser vane (2/2)


   Skills:
 * Level 18.5 Fighting
   Level 0.1 Short Blades
 - Level 4.2 Armour
 + Level 11.1 Dodging
 + Level 5.4 Stealth
 * Level 26.8 Spellcasting
 * Level 25.9 Conjurations
 - Level 1.2 Transmutations
 * Level 24.6 Fire Magic
 - Level 0.8 Air Magic
 + Level 6.5 Earth Magic
 - Level 1.1 Poison Magic


You had 17 spell levels left.
You knew the following spells:

 Your Spells              Type           Power        Failure   Level
a - Foxfire               Conj/Fire      ####         0%          1
b - Conjure Flame         Conj/Fire      ########     0%          3
c - Sticky Flame          Conj/Fire      ########     0%          4
d - Fireball              Conj/Fire      ########..   0%          5
e - Ignition              Fire           ########..   1%          8
f - Mephitic Cloud        Conj/Pois/Air  ######..     1%          3
g - Ignite Poison         Fire/Tmut/Pois #######.     1%          3
h - Bolt of Magma         Conj/Fire/Erth ########..   0%          5
i - Passwall              Tmut/Erth      ####....     1%          2
j - Iron Shot             Conj/Erth      ######....   1%          6
k - Orb of Destruction    Conj           #######...   0%          7
l - Starburst             Conj/Fire      ########..   0%          6
m - Fire Storm            Conj/Fire      ########..   1%          9

Your spell library contained the following spells:

 Spells                   Type           Power        Failure   Level
 Shatter                  Erth           #####.....   100%        9
 Tornado                  Air            ###.......   100%        9
 Magic Dart               Conj           ####         0%          1
 Shock                    Conj/Air       ####         0%          1
 Searing Ray              Conj           ######       0%          2
 Dazzling Flash           Conj/Hex       ######       0%          3
 Inner Flame              Hex/Fire       #######.     0%          3
 Static Discharge         Conj/Air       ######..     0%          3
 Stone Arrow              Conj/Erth      ######       0%          3
 Animate Skeleton         Necr           ###...       1%          1
 Apportation              Tloc           ###...       1%          1
 Beastly Appendage        Tmut           ####..       1%          1
 Corona                   Hex            ###....      1%          1
 Freeze                   Ice            ###.         1%          1
 Pain                     Necr           ###.         1%          1
 Sandblast                Erth           #####.       1%          1
 Sting                    Tmut/Pois      ####         1%          1
 Summon Small Mammal      Summ           ###.         1%          1
 Blink                    Tloc           N/A          1%          2
 Call Imp                 Summ           ###.....     1%          2
 Corpse Rot               Necr/Air       N/A          1%          2
 Ensorcelled Hibernation  Hex/Ice        ###...       1%          2
 Poisonous Vapours        Pois/Air       ###...       1%          2
 Slow                     Hex            ###.....     1%          2
 Swiftness                Air            ###.....     1%          2
 Wereblood                Tmut           ####....     1%          2
 Frozen Ramparts          Ice            ###...       1%          3
 Spider Form              Tmut/Pois      ####......   1%          3
 Fulminant Prism          Conj/Hex       ######....   1%          4
 Hailstorm                Conj/Ice       ######..     1%          4
 Iskenderun's Mystic Bla  Conj/Tloc      ######..     1%          4
 Olgreb's Toxic Radiance  Pois           ####....     1%          4
 Petrify                  Tmut/Erth      ####....     1%          4
 Lee's Rapid Deconstruct  Erth           #####.....   1%          5
 Lightning Bolt           Conj/Air       ######....   1%          5
 Conjure Ball Lightning   Conj/Air       ######....   1%          6
 Freezing Cloud           Conj/Ice/Air   ######....   1%          6
 Spellforged Servitor     Conj/Summ      ######....   1%          7
 Leda's Liquefaction      Hex/Erth       ####......   2%          4
 Lehudib's Crystal Spear  Conj/Erth      ######....   2%          8
 Call Canine Familiar     Summ           ###.....     3%          3
 Confusing Touch          Hex            ###.....     3%          3
 Gell's Gravitas          Tloc           ###.......   3%          3
 Ozocubu's Armour         Ice            ###.....     3%          3
 Portal Projectile        Hex/Tloc       ###...       3%          3
 Summon Guardian Golem    Hex/Summ       ###.....     3%          3
 Teleport Other           Tloc           ###.....     3%          3
 Tukima's Dance           Hex            ###.....     3%          3
 Vampiric Draining        Necr           ###.......   3%          3
 Yara's Violent Unravell  Hex/Tmut       ###.......   7%          5
 Ice Form                 Ice/Tmut       ###.....     9%          4
 Chain Lightning          Conj/Air       ######....   9%          8
 Summon Lightning Spire   Summ/Air       ###.....     10%         4
 Animate Dead             Necr           ###.......   12%         4
 Cause Fear               Hex            ###.......   12%         4
 Dispel Undead            Necr           ###.....     12%         4
 Passage of Golubria      Tloc           N/A          12%         4
 Summon Ice Beast         Ice/Summ       ###.....     12%         4
 Blade Hands              Tmut           ####......   19%         5
 Silence                  Hex/Air        ###.......   28%         5
 Agony                    Necr           ###.....     32%         5
 Excruciating Wounds      Necr           ###.......   32%         5
 Metabolic Englaciation   Hex/Ice        ###.......   32%         5
 Summon Demon             Summ           ###.......   32%         5
 Summon Forest            Summ/Tloc      ###.......   32%         5
 Summon Mana Viper        Hex/Summ       ###.....     32%         5
 Dispersal                Tloc           ###.......   89%         6
 Invisibility             Hex            ###.....     89%         6
 Shadow Creatures         Summ           N/A          89%         6
 Dragon Form              Tmut           ####......   100%        7
 Malign Gateway           Summ/Tloc      ###.......   100%        7
 Summon Hydra             Summ           ###.......   100%        7
 Discord                  Hex            ###.......   100%        8
 Disjunction              Tloc           ###.......   100%        8
 Absolute Zero            Ice            ###.......   100%        9
 Dragon's Call            Summ           ###.......   100%        9
 Sublimation of Blood     Necr           Unusable     N/A         2
 Statue Form              Tmut/Erth      Unusable     N/A         6

Dungeon Overview and Level Annotations

Branches:
Dungeon (15/15)            Temple (0/1) D:6            Lair (6/6) D:9
  Swamp (4/4) Lair:2        Snake (4/4) Lair:2        Slime (5/5) Lair:5
    Orc (2/2) D:12            Elf (3/3) Orc:2        Vaults (5/5) D:13
  Crypt (3/3) Vaults:3     Depths (5/5) D:15            Zot (5/5) Depths:5
Ossuary (visited)         Gauntlet (visited)
   Tomb: Crypt:3

Altars:
Cheibriados
Dithmenos
Elyvilon
Fedhas
Kikubaaqudgha
Makhleb
Nemelex Xobeh
Qazlal
Ru
Sif Muna
Vehumet
Wu Jian
Xom
Yredelemnul
Zin
Beogh
Jiyva

Shops:
D:15 ?   Orc:1 ?!   Orc:2 :=*(   Vaults:1 :[   Vaults:2 (

Portals:
Hell: Depths:1 Depths:2 Depths:3 Depths:4 Depths:5
Abyss: Depths:1 Depths:2 Depths:4
Pandemonium: Depths:1 Depths:3 Depths:5
Ziggurat: Depths:1
Trove: Vaults:2 (give 3 potions of resistance)

Annotations:
D:7 1 runed translucent door, Crazy Yiuf
Lair:1 3 runed translucent doors, Berder's ghost, novice HOGl
Lair:2 1 runed translucent door, Dumidips's ghost, journeyman OpMo
Lair:3 3 runed translucent doors, Yjeari's ghost, journeyman GrMo
Lair:6 2 runed translucent doors, TigOlBitties's ghost, journeyman DEAE
Snake:2 2 runed translucent doors, Icun's ghost, journeyman GnWr
Vaults:2 3 runed translucent doors, exclusion: orange crystal statue, garrulousMonolith's ghost, veteran GnFi
Depths:5 2 transporters, Plog's ghost, adept DgCj


Innate Abilities, Weirdness & Mutations

You are resistant to torment.
Your stone body is resilient. (AC +20)
You are immune to poison.
Your large and strong wings let you fly indefinitely.
You resist negative energy. (rN+)
You are resistant to electric shocks. (rElec)
You can survive without breathing.
You are immune to petrification.
You are immune to rotting.
You have a beak for a mouth.
You have sharp fingernails.
You are partially covered in iridescent scales. (AC +2)
You are partially covered in molten scales. (AC +2)
You can translocate small distances at will.
Scrolls take you a little longer to read.
Your body often deteriorates upon taking damage.
You are dopey. (Int -2)
You do not regenerate when monsters are visible.
You are weak. (Str -2)
Potions are less effective at restoring your health.
Your spells are a little easier to cast, but a little less powerful.
You expend magic power (3 MP) to strengthen your wands.


Message History

The orb of fire emits a lurid red light.
The fireball explodes!
The fireball engulfs you! You resist.
* * * LOW HITPOINT WARNING * * *
The fireball engulfs the orb of fire.
The orb of fire completely resists.
You're too confused!
The orb of fire glows red.
The bolt of fire hits you. You resist.
* * * LOW HITPOINT WARNING * * *
You feel less invigorated.
You feel less confused.
You hit the orb of fire but do no damage.
Your peck misses the orb of fire.
The orb of fire is severely damaged.
The orb of fire glows bright magenta.
The fireball explodes!
The fireball engulfs you! You resist.
* * * LOW HITPOINT WARNING * * *
The fireball engulfs the orb of fire.
The orb of fire completely resists.
The orb of fire glows bright magenta.
The bolt of fire hits you! You resist.
You die...

. ###...###########...##
##...............###
##.........)...## #
#.............# #
##....^......## #
#....^......# #
##.....^.....## #
#.....^.......# #
##@............##
#.*.............#
###▓▓▓▓########.########
########.......# #..#
#.[............# #.##
...............# ##.#
...............## #..#
..######........####.##
### #...#.^^......#
#####


You could see an orb of fire.

Vanquished Creatures
  the Royal Jelly (Slime:5)
  4 ancient liches (Zot:5)
  Tiamat (Zot:4)
  6 orbs of fire
  7 Killer Klowns
  4 curse toes
  Nikola (Elf:3)
  9 golden dragons
  3 bone dragons (Depths:5)
  An electric golem (Zot:5)
  Jorgrun (Elf:2)
  18 Orb Guardians (Zot:5)
  14 tentacled monstrosities
  6 liches
  Asterion (Vaults:1)
  2 deep elf blademasters (Elf:3)
  10 quicksilver dragons
  2 deep elf master archers (Elf:3)
  28 acid blobs
  2 ancient champions (Crypt:2)
  6 sphinxes
  3 titans
  8 tengu reavers
  2 death cobs
  8 draconian monks
  A thorn hunter (Swamp:4)
  9 shadow dragons
  Kirke (Elf:1)
  7 nagarajas (Snake:4)
  Donald (Crypt:2)
  A revenant (Crypt:1)
  20 storm dragons
  7 deep elf sorcerers
  15 azure jellies
  4 ghost moths
  13 fire giants
  4 iron dragons
  3 draconian knights (Zot:4)
  13 frost giants
  10 vault wardens
  A curse skull (Crypt:2)
  6 deep elf elementalists
  Aizul (Swamp:1)
  4 draconian scorchers
  12 ghouls
  5 draconian shifters
  29 very ugly things
  6 spriggan defenders
  26 stone giants
  7 ironheart preservers
  4 draconian annihilators
  9 draconian stormcallers
  5 war gargoyles
  5 vampire knights
  An entropy weaver (shapeshifter) (Vaults:5)
  20 black draconians
  11 deep elf demonologists
  Azrael (Elf:1)
  14 yellow draconians
  2 minotaurs
  9 deep elf annihilators
  13 white draconians
  4 spark wasps (Depths:2)
  11 green draconians
  11 purple draconians
  22 red draconians
  3 eidola (Crypt:2)
  15 ettins
  5 jiangshi (Crypt:2)
  14 fire dragons
  7 deep elf death magi
  9 death oozes
  4 deep elf high priests
  Josephine (Lair:6)
  13 ogre magi
  A quicksilver dragon zombie (Crypt:2)
  7 yaktaur captains
  13 great orbs of eyes
  30 vault guards
  18 naga warriors
  28 hydras
  Harold (D:9)
  2 rakshasas
  6 spriggan air magi
  4 anacondas
  12 ice dragons
  2 ghost crabs (Swamp:4)
  4 shambling mangroves
  7 boulder beetles
  2 catoblepae
  15 alligators
  12 centaur warriors
  4 deep troll earth magi
  5 death knights
  5 tengu warriors
  37 two-headed ogres
  10 deep troll shamans
  6 vampire magi
  27 dancing weapons
  4 spriggan berserkers
  12 hell knights
  24 spriggans
  5 orc high priests
  5 shock serpents
  A soul eater (Crypt:1)
  12 naga sharpshooters
  Sonja (D:10)
  17 deep elf knights
  A storm dragon zombie (Vaults:2)
  3 shadow wraiths
  A salamander mystic (Snake:2)
  2 small abominations (Vaults:2)
  5 iron trolls
  38 skeletal warriors
  A golden dragon zombie (Crypt:3)
  23 deep trolls
  A spark wasp zombie (Crypt:1)
  7 unseen horrors
  2 glowing orange brains
  6 flayed ghosts
  2 spriggan druids
  15 swamp dragons
  10 naga ritualists
  10 deep elf archers
  12 phantasmal warriors
  3 large abominations (Elf:3)
  4 wizards
  13 orc knights
  17 ironbrand convokers
  10 necromancers
  A harpy (shapeshifter) (Vaults:2)
  67 deep elf magi
  5 harpies (Vaults:5)
  2 fauns (shapeshifter)
  2 mana vipers
  Pikel (D:7)
  2 salamanders (shapeshifter) (Elf:1)
  8 salamanders
  9 orc sorcerers
  A stone giant zombie (Crypt:3)
  A mana viper (shapeshifter) (Vaults:1)
  5 oklob plants
  A shadow dragon skeleton (Crypt:1)
  11 shining eyes
  7 elephants (Lair:6)
  6 cyclopes
  An ice statue (Gauntlet)
  A moth of wrath (shapeshifter) (Depths:2)
  35 ugly things
  4 guardian serpents
  13 vault sentinels
  2 manticores (shapeshifter) (Depths:4)
  5 eyes of devastation
  34 moths of wrath
  Joseph (D:8)
  Maurice (D:13)
  4 centaur zombies
  16 black mambas
  A dire elephant zombie (Crypt:2)
  A fire giant skeleton (Crypt:2)
  14 cane toads
  30 naga magi
  2 cane toads (shapeshifter)
  2 gargoyles
  25 yaktaurs
  8 rime drakes
  An alligator snapping turtle skeleton (Crypt:2)
  A minotaur zombie (Gauntlet)
  10 freezing wraiths
  A sea snake zombie (Crypt:2)
  A komodo dragon (shapeshifter) (D:15)
  A guardian mummy (D:13)
  A yaktaur (shapeshifter) (Depths:3)
  14 komodo dragons
  A harpy zombie (D:15)
  A wind drake (shapeshifter) (Vaults:4)
  A purple draconian skeleton (Crypt:1)
  7 trolls
  2 jumping spiders (shapeshifter)
  A queen bee (Depths:3)
  9 tyrant leeches
  A tengu conjurer (Depths:3)
  9 blink frogs
  A hydra skeleton (Crypt:2)
  22 hornets
  A polar bear (Lair:6)
  A queen bee (shapeshifter) (Vaults:4)
  17 bog bodies
  A sphinx simulacrum (Vaults:2)
  An alligator zombie (Crypt:2)
  A wolf spider simulacrum (D:15)
  12 dream sheep
  152 slime creatures
  A raiju (shapeshifter) (Vaults:4)
  2 air elementals (Elf:1)
  A guardian serpent skeleton (Crypt:2)
  8 water elementals
  36 flying skulls
  3 shadows
  A spriggan (shapeshifter) (D:11)
  A centaur simulacrum (D:15)
  A satyr skeleton (Crypt:2)
  A vampire (D:11)
  A fire dragon skeleton (Crypt:1)
  6 wyverns
  36 yaks
  10 wraiths
  3 basilisks
  A basilisk (shapeshifter) (Vaults:1)
  A neqoxec (Gauntlet)
  A golden eye (shapeshifter) (Depths:3)
  A steam dragon (D:9)
  7 fire elementals
  6 humans
  3 golden eyes (Slime:2)
  4 vampire mosquitoes (Swamp:4)
  A chaos spawn (Gauntlet)
  A warg (Vaults:1)
  18 swamp worms
  6 insubstantial wisps
  48 nagas
  Menkaure (D:6)
  2 acid dragons
  2 floating eyes
  A soldier ant (shapeshifter) (Elf:1)
  3 hell hounds (Elf:1)
  35 water moccasins
  11 swamp drakes
  12 black bears
  A hornet zombie (D:15)
  A floating eye (shapeshifter) (Vaults:5)
  8 ice beasts
  A black bear (shapeshifter) (Depths:1)
  2 phantoms
  A faun skeleton (Crypt:1)
  A cane toad skeleton (Crypt:1)
  18 eyes of draining
  44 orc warriors
  7 sky beasts
  12 boggarts
  26 ogres
  A manticore zombie (Crypt:2)
  6 necrophages
  27 wolves
  A tengu (shapeshifter) (Vaults:2)
  22 centaurs
  2 big kobolds (D:13)
  2 elf zombies (Ossuary)
  A palentonga zombie (Crypt:1)
  26 bullfrogs
  A gnoll sergeant (D:7)
  A cane toad simulacrum (Crypt:1)
  3 earth elementals
  A yaktaur skeleton (Crypt:2)
  2 wyvern zombies (D:13)
  2 water moccasin zombies
  A cyclops skeleton (Crypt:1)
  2 scorpions
  A wyvern skeleton (Crypt:2)
  12 wights
  26 killer bees
  An orc simulacrum (Vaults:1)
  4 electric eels
  4 howler monkeys
  A crimson imp (D:9)
  A wolf skeleton (Crypt:2)
  20 orc priests
  4 hounds
  4 jellies
  3 bullfrog skeletons
  3 human zombies
  34 orc wizards
  2 bullfrog zombies
  7 centaur skeletons
  An iron imp (Depths:1)
  2 iguanas (D:9)
  9 worker ants
  A killer bee zombie (D:6)
  3 big kobold zombies (Ossuary)
  A sky beast zombie (Crypt:1)
  3 hound zombies
  6 mummies
  A hound skeleton (D:6)
  A worker ant zombie (D:5)
  13 gnolls
  25 adders
  A howler monkey skeleton (D:9)
  3 shadow imps
  6 white imps
  An ufetubus (D:6)
  An ooze (D:1)
  5 adder zombies
  2 adder skeletons
  2 worms (D:6)
  A dart slug (D:2)
  11 leopard geckos
  99 orcs
  4 giant cockroaches
  A gnoll zombie (Ossuary)
  7 goblins
  4 hobgoblins (D:1)
  10 jackals
  5 quokkas
  6 ball pythons
  5 bats
  5 frilled lizards
  A gnoll skeleton (Crypt:2)
  5 goblin zombies (Ossuary)
  A hobgoblin zombie (Ossuary)
  4 jackal zombies (Ossuary)
  12 kobolds
  A kobold zombie (Ossuary)
  3 leopard gecko skeletons
  A leopard gecko zombie (D:8)
  2 orc zombies
  3 quokka skeletons
  7 quokka zombies
  4 rats
  3 rat zombies (Ossuary)
  3 crawling corpses
  A fungus (Elf:2)
2614 creatures vanquished.

Vanquished Creatures (collateral kills)
  A golden dragon (Zot:3)
  3 Orb Guardians (Zot:5)
  A tentacled monstrosity (Zot:5)
  A shadow dragon (Zot:4)
  A green draconian (Zot:2)
  3 ugly things
  A floating eye (Depths:3)
  14 foxfires
25 creatures vanquished.

Vanquished Creatures (others)
  2 vault guards (D:13)
  2 deep elf magi
  A moth of wrath (Zot:5)
  A water elemental (Elf:1)
  4 humans
  An orc priest (Orc:2)
  An orc wizard (Orc:2)
  An orc (Orc:2)
  164 fire vortices
  2942 foxfires
  71 fungi
  101 plants
  5 withered plants (D:13)
3296 creatures vanquished.

Grand Total: 5935 creatures vanquished

Notes
Turn   | Place    | Note
-------+----------+-------------------------------------------
     0 | D:1      | oldriver the Gargoyle Fire Elementalist began the quest for
                  | the Orb.
     0 | D:1      | Reached XP level 1. HP: 10/10 MP: 3/3
   628 | D:1      | Reached XP level 2. HP: 14/15 MP: 1/5
  1987 | D:1      | Reached XP level 3. HP: 19/19 MP: 1/6
  2239 | D:2      | Found a shadowy altar of Dithmenos.
  3475 | D:2      | Reached XP level 4. HP: 7/24 MP: 4/8
  3825 | D:2      | Learned a level 3 spell: Conjure Flame
  3834 | D:2      | Learned a level 4 spell: Sticky Flame
  4245 | D:3      | Reached skill level 3 in Spellcasting
  4815 | D:3      | Reached XP level 5. HP: 28/28 MP: 5/9
  5332 | D:3      | Found a radiant altar of Vehumet.
  5459 | D:3      | Became a worshipper of Vehumet
  5541 | D:4      | Noticed an ogre
  5810 | D:4      | Killed an ogre
  5810 | D:4      | Reached skill level 4 in Spellcasting
  5810 | D:4      | Reached XP level 6. HP: 32/32 MP: 6/12
  5963 | D:4      | Found a white marble altar of Elyvilon.
  5964 | D:4      | Found a sacrificial altar of Ru.
  5964 | D:4      | Found a shimmering altar of Xom.
  5964 | D:4      | Found a stormy altar of Qazlal.
  5988 | D:4      | Noticed a phantom
  6000 | D:4      | Killed a phantom
  6822 | D:5      | Entered Level 5 of the Dungeon
  6851 | D:5      | Reached XP level 7. HP: 28/36 MP: 5/14
  6905 | D:5      | Found a sand-covered staircase.
  6944 | D:5      | Reached skill level 5 in Spellcasting
  7028 | Ossuary  | Entered an ossuary
  7862 | Ossuary  | Reached skill level 5 in Fire Magic
  8520 | Ossuary  | Reached * piety under Vehumet
  8520 | Ossuary  | Offered knowledge of Sandblast by Vehumet.
  8529 | Ossuary  | Learned a level 5 spell: Fireball
  8948 | Ossuary  | Reached skill level 6 in Spellcasting
  9063 | D:5      | Reached XP level 8. HP: 42/42 MP: 11/17
  9804 | D:5      | Found a shadowy altar of Dithmenos.
  9849 | D:5      | Found a shimmering blue altar of Sif Muna.
 10019 | D:5      | Gained mutation: You evolve. [potion of mutation]
 10019 | D:5      | Gained mutation: Your magical capacity is low. (-10% MP)
                  | [potion of mutation]
 10019 | D:5      | Gained mutation: You are partially covered in icy blue
                  | scales. (AC +2) [potion of mutation]
 10023 | D:5      | Lost mutation: You evolve. [potion of mutation]
 10023 | D:5      | Lost mutation: Your magical capacity is low. (-10% MP)
                  | [potion of mutation]
 10023 | D:5      | Lost mutation: You are partially covered in icy blue
                  | scales. (AC +2) [potion of mutation]
 10023 | D:5      | Gained mutation: Your spells are a little harder to cast,
                  | but a little more powerful. [potion of mutation]
 10023 | D:5      | Gained mutation: You passively map a small area around you.
                  | [potion of mutation]
 10024 | D:5      | Lost mutation: Your spells are a little harder to cast, but
                  | a little more powerful. [potion of mutation]
 10024 | D:5      | Lost mutation: You passively map a small area around you.
                  | [potion of mutation]
 10024 | D:5      | Gained mutation: You are clumsy. (Dex -2) [potion of
                  | mutation]
 10024 | D:5      | Gained mutation: You are partially covered in thin metallic
                  | scales. (AC +2) [potion of mutation]
 10024 | D:5      | Gained mutation: You have supernaturally acute eyesight.
                  | (SInv) [potion of mutation]
 10024 | D:5      | Lost mutation: You are clumsy. (Dex -2) [potion of
                  | mutation]
 10025 | D:5      | Lost mutation: You have supernaturally acute eyesight.
                  | (SInv) [potion of mutation]
 10025 | D:5      | Gained mutation: You are weak. (Str -2) [potion of
                  | mutation]
 10025 | D:5      | Gained mutation: You have supernaturally acute eyesight.
                  | (SInv) [potion of mutation]
 10026 | D:5      | Lost mutation: You are weak. (Str -2) [potion of mutation]
 10026 | D:5      | Lost mutation: You are partially covered in thin metallic
                  | scales. (AC +2) [potion of mutation]
 10026 | D:5      | Gained mutation: You have a beak for a mouth. [potion of
                  | mutation]
 10026 | D:5      | Gained mutation: Your mind is acute. (Int +2) [potion of
                  | mutation]
 10751 | D:6      | Noticed Menkaure
 10754 | D:6      | Killed Menkaure
 10911 | D:6      | Reached skill level 7 in Spellcasting
 10962 | D:6      | Found a sparkling altar of Nemelex Xobeh.
 11020 | D:6      | Found an ornate altar of the Wu Jian Council.
 11091 | D:6      | Reached skill level 5 in Conjurations
 11181 | D:6      | Reached XP level 9. HP: 46/46 MP: 15/20
 11341 | D:6      | Offered knowledge of Searing Ray by Vehumet.
 11842 | D:6      | Reached skill level 8 in Spellcasting
 11961 | D:6      | Reached ** piety under Vehumet
 12099 | D:5      | Learned a level 2 spell: Searing Ray
 12792 | D:6      | Found a staircase to the Ecumenical Temple.
 12858 | D:7      | Noticed Pikel
 13180 | D:7      | Found a basalt altar of Yredelemnul.
 13211 | D:7      | Reached skill level 1 in Fighting
 13269 | D:7      | Found a runed translucent door.
 13270 | D:7      | Noticed Crazy Yiuf
 13333 | D:7      | Killed Pikel
 13591 | D:7      | Found a blossoming altar of Fedhas.
 14036 | D:7      | Offered knowledge of Dazzling Flash by Vehumet.
 14036 | D:7      | Reached XP level 10. HP: 41/53 MP: 13/22
 14194 | D:7      | Reached skill level 9 in Spellcasting
 14379 | D:7      | Found a glowing silver altar of Zin.
 14626 | D:8      | Noticed Joseph
 14636 | D:8      | Killed Joseph
 15045 | D:8      | Noticed a two-headed ogre
 15136 | D:8      | Killed a two-headed ogre
 15136 | D:8      | Reached *** piety under Vehumet
 15211 | D:8      | Found a burning altar of Makhleb.
 15220 | D:8      | Found an ancient bone altar of Kikubaaqudgha.
 15742 | D:8      | Found an ancient bone altar of Kikubaaqudgha.
 16586 | D:8      | Noticed a two-headed ogre
 16643 | D:8      | Offered knowledge of Mephitic Cloud by Vehumet.
 16645 | D:8      | Killed a two-headed ogre
 16645 | D:8      | Reached skill level 10 in Spellcasting
 17796 | D:9      | Reached XP level 11. HP: 58/58 MP: 20/25
 18029 | D:9      | Noticed a two-headed ogre
 18049 | D:9      | Killed a two-headed ogre
 18251 | D:9      | Found a staircase to the Lair.
 18858 | D:9      | Reached skill level 10 in Conjurations
 19387 | D:9      | Reached **** piety under Vehumet
 19728 | D:9      | Noticed Harold
 19794 | D:9      | Reached skill level 11 in Spellcasting
 19795 | D:9      | Killed Harold
 20127 | D:9      | Learned a level 3 spell: Mephitic Cloud
 20131 | D:9      | Learned a level 3 spell: Ignite Poison
 20238 | Lair:1   | Entered Level 1 of the Lair of Beasts
 20252 | Lair:1   | Reached skill level 1 in Poison Magic
 20360 | D:10     | Entered Level 10 of the Dungeon
 20360 | D:10     | Found a burning altar of Makhleb.
 20411 | D:10     | Offered knowledge of Bolt of Magma by Vehumet.
 20496 | D:10     | Noticed an unseen horror
 20507 | D:10     | Killed an unseen horror
 20513 | D:10     | Noticed Sonja
 20517 | D:10     | Killed Sonja
 20517 | D:10     | Reached skill level 1 in Armour
 21750 | Lair:1   | Reached XP level 12. HP: 54/63 MP: 23/27
 22354 | Lair:1   | Noticed a seven-headed hydra
 22481 | Lair:1   | Found a runed translucent gate.
 22482 | Lair:1   | Found a runed translucent gate.
 22482 | Lair:1   | Found a runed translucent gate.
 22503 | Lair:1   | Noticed a minotaur
 22509 | Lair:1   | Noticed Berder's ghost (novice HOGl)
 22612 | Lair:1   | Noticed a five-headed hydra
 22617 | Lair:1   | Killed a five-headed hydra
 22617 | Lair:1   | Reached skill level 12 in Spellcasting
 23093 | Lair:1   | Killed a seven-headed hydra
 23469 | Lair:2   | Upgraded the game from 0.26-a0-662-g8b9c6dab81 to
                  | 0.26-a0-663-g36e8fdb655
 23828 | Lair:2   | Noticed Dumidips's ghost (journeyman OpMo)
 23829 | Lair:2   | Found a runed translucent door.
 23936 | Lair:2   | Found a staircase to the Snake Pit.
 24291 | D:10     | Learned a level 5 spell: Bolt of Magma
 24320 | D:10     | Learned a level 2 spell: Passwall
 24350 | D:10     | Got a distressingly furry leather armour
 24364 | D:10     | Identified the +6 leather armour of Calculation {rN+ MR+}
                  | (You found it on level 10 of the Dungeon)
 24625 | D:11     | Noticed a two-headed ogre
 24697 | D:11     | Killed a two-headed ogre
 24715 | D:11     | Reached ***** piety under Vehumet
 24717 | D:11     | Found a gate leading to a gauntlet.
 24726 | D:11     | Offered knowledge of Conjure Ball Lightning by Vehumet.
 24811 | Gauntlet | Entered a Gauntlet
 24811 | Gauntlet | Found a transporter.
 24919 | Gauntlet | Found a transporter.
 24930 | Gauntlet | Found a transporter.
 24932 | Gauntlet | Found a large runed translucent door.
 24932 | Gauntlet | Found a large runed translucent door.
 24933 | Gauntlet | Found a large runed translucent door.
 24933 | Gauntlet | Found a large runed translucent door.
 24934 | Gauntlet | Found a large runed translucent door.
 24934 | Gauntlet | Found a large runed translucent door.
 24934 | Gauntlet | Found a runed translucent door.
 24934 | Gauntlet | Found a runed translucent door.
 24934 | Gauntlet | Found a large runed translucent door.
 24935 | Gauntlet | Found a transporter.
 24951 | Gauntlet | Found the +11 plutonium sword {*Contam Stlth-}
 24952 | Gauntlet | Found a transporter.
 24966 | Gauntlet | Found a large runed translucent door.
 24966 | Gauntlet | Noticed a great orb of eyes
 24967 | Gauntlet | Found a large runed translucent door.
 24968 | Gauntlet | Found a large runed translucent door.
 24968 | Gauntlet | Found a large runed translucent door.
 24969 | Gauntlet | Found a runed translucent gate.
 24970 | Gauntlet | Found a transporter.
 24970 | Gauntlet | Found a runed translucent gate.
 24971 | Gauntlet | Found a runed translucent gate.
 24972 | Gauntlet | Found a large runed translucent door.
 24972 | Gauntlet | Found a large runed translucent door.
 24973 | Gauntlet | Found a large runed translucent door.
 24986 | Gauntlet | Found a large runed translucent door.
 24994 | Gauntlet | Found a transporter.
 24999 | Gauntlet | Found a large runed translucent door.
 25005 | Gauntlet | Found a transporter.
 25007 | Gauntlet | Found a transporter.
 25025 | Gauntlet | Found a transporter.
 25036 | Gauntlet | Noticed a dire elephant
 25040 | Gauntlet | Found a transporter.
 25052 | Gauntlet | Found a transporter.
 25056 | Gauntlet | Noticed a ghost crab
 25215 | Gauntlet | Found a transporter.
 25340 | Gauntlet | Gained mutation: You tend to lose your temper in combat. [a
                  | neqoxec]
 25423 | Gauntlet | Found a transporter.
 25426 | Gauntlet | Found a transporter.
 26709 | Gauntlet | Got a shimmering platinum ring
 26881 | Gauntlet | Noticed a minotaur
 26901 | Gauntlet | Killed a minotaur
 26901 | Gauntlet | Reached XP level 13. HP: 5/70 MP: 1/29
 27217 | Gauntlet | Identified the ring "Teosaih" {Fire *Contam rElec Dex+8}
                  | (You found it in a Gauntlet)
 27228 | Gauntlet | Identified the Papyrus of Companions
 28338 | D:12     | Found a staircase to the Orcish Mines.
 28398 | D:12     | Reached skill level 13 in Spellcasting
 29607 | Lair:2   | Found a staircase to the Swamp.
 29644 | Lair:3   | Reached skill level 5 in Fighting
 29819 | Lair:3   | Found a runed translucent gate.
 29841 | Lair:3   | Reached skill level 10 in Fire Magic
 30724 | Lair:3   | Learned a level 6 spell: Conjure Ball Lightning
 30770 | Lair:3   | Found a runed translucent gate.
 30770 | Lair:3   | Found a runed translucent gate.
 30772 | Lair:3   | Noticed Yjeari's ghost (journeyman GrMo)
 31102 | Lair:3   | Offered knowledge of Ozocubu's Refrigeration by Vehumet.
 32606 | D:12     | Reached skill level 1 in Earth Magic
 32606 | D:12     | Gained mutation: Your large and strong wings let you fly
                  | indefinitely. [Gargoyle growth]
 32606 | D:12     | Reached XP level 14. HP: 76/80 MP: 18/31
 32704 | D:12     | Found a roughly hewn altar of Beogh.
 33730 | D:13     | Reached skill level 14 in Spellcasting
 34247 | Orc:1    | Entered Level 1 of the Orcish Mines
 34492 | Orc:1    | Found Posh's Magic Scroll Boutique.
 34601 | Orc:1    | Found Otimoe's Distillery.
 35169 | Orc:1    | Offered knowledge of Irradiate by Vehumet.
 35468 | Orc:2    | Entered Level 2 of the Orcish Mines
 35507 | Orc:2    | Found a roughly hewn altar of Beogh.
 35990 | Orc:2    | Found a roughly hewn altar of Beogh.
 36675 | Orc:2    | Found a staircase to the Elven Halls.
 37517 | Orc:2    | Found Ysif's Book Shoppe.
 37517 | Orc:2    | Found Yloiqiq's Antique Weapon Boutique.
 37519 | Orc:2    | Found Jast's Jewellery Shoppe.
 37519 | Orc:2    | Found Luchur's Assorted Antiques.
 37529 | Orc:2    | Bought a metallic brown potion for 18 gold pieces
 37532 | Orc:2    | Bought a book of Annihilations for 1876 gold pieces
 37690 | D:13     | Noticed a ghoul
 37703 | D:13     | Killed a ghoul
 38334 | Lair:4   | Found a shimmering altar of Xom.
 38485 | Lair:4   | Offered knowledge of Spellforged Servitor by Vehumet.
 39296 | Lair:5   | Found a viscous altar of Jiyva.
 39296 | Lair:5   | Found a staircase to the Slime Pits.
 39740 | Lair:5   | Reached XP level 15. HP: 88/88 MP: 6/33
 40991 | Lair:6   | Entered Level 6 of the Lair of Beasts
 41375 | Lair:6   | Reached skill level 15 in Spellcasting
 41761 | Lair:6   | Found a shimmering blue altar of Sif Muna.
 41977 | Lair:6   | Reached skill level 15 in Conjurations
 43484 | Lair:6   | Found a large runed translucent door.
 43485 | Lair:6   | Found a large runed translucent door.
 43489 | Lair:6   | Noticed TigOlBitties's ghost (journeyman DEAE)
 43499 | Lair:6   | Noticed Josephine
 43502 | Lair:6   | Killed Josephine
 43502 | Lair:6   | Offered knowledge of Orb of Destruction by Vehumet.
 43512 | Lair:6   | Learned a level 7 spell: Orb of Destruction
 43905 | Lair:6   | Found a snail-covered altar of Cheibriados.
 44267 | Lair:6   | Got a bloodstained helmet
 44671 | Lair:6   | Got a warped trident
 44672 | Lair:6   | Identified the +11 trident "Miufy" {drain, rElec rC- Str+3
                  | Stlth+} (You found it on level 6 of the Lair of Beasts)
 45569 | D:13     | Noticed Maurice
 45933 | D:13     | Killed Maurice
 46432 | D:13     | Found a gate to the Vaults.
 47227 | D:14     | Reached XP level 16. HP: 94/94 MP: 19/35
 47537 | D:14     | Found a stormy altar of Qazlal.
 47681 | D:15     | Entered Level 15 of the Dungeon
 47849 | Elf:1    | Entered Level 1 of the Elven Halls
 48197 | Swamp:1  | Entered Level 1 of the Swamp
 48804 | Swamp:1  | Reached skill level 16 in Spellcasting
 48848 | Swamp:1  | Noticed Aizul
 48864 | Swamp:1  | Killed Aizul
 49221 | Swamp:1  | Reached skill level 1 in Transmutations
 49767 | Swamp:1  | Identified 2 scrolls of acquirement
 49767 | Swamp:1  | Acquired the ring "Vool" {rC++ MR+ Str-3 Int+3 SInv}
 49774 | Swamp:1  | Acquired the +1 pair of gloves "Ihih" {Dex+8}
 49792 | Swamp:1  | Lost mutation: You tend to lose your temper in combat.
                  | [potion of mutation]
 49792 | Swamp:1  | Gained mutation: You are partially covered in yellow
                  | scales. (AC +2) [potion of mutation]
 49792 | Swamp:1  | Gained mutation: You are resistant to hostile enchantments.
                  | (MR+) [potion of mutation]
 49792 | Swamp:1  | Gained mutation: You possess an exceptional clarity of
                  | mind. [potion of mutation]
 49793 | Swamp:1  | Lost mutation: You have supernaturally acute eyesight.
                  | (SInv) [potion of mutation]
 49793 | Swamp:1  | Lost mutation: You possess an exceptional clarity of mind.
                  | [potion of mutation]
 49793 | Swamp:1  | Gained mutation: You occasionally shout uncontrollably at
                  | your foes. [potion of mutation]
 49793 | Swamp:1  | Gained mutation: You are highly resistant to hostile
                  | enchantments. (MR++) [potion of mutation]
 49794 | Swamp:1  | Lost mutation: You occasionally shout uncontrollably at
                  | your foes. [potion of mutation]
 49794 | Swamp:1  | Lost mutation: You are highly resistant to hostile
                  | enchantments. (MR++) [potion of mutation]
 49794 | Swamp:1  | Gained mutation: Your flesh is cold resistant. (rC+)
                  | [potion of mutation]
 49794 | Swamp:1  | Gained mutation: Your spells are a little harder to cast,
                  | but a little more powerful. [potion of mutation]
 49794 | Swamp:1  | Gained mutation: You are partially covered in molten
                  | scales. (AC +2) [potion of mutation]
 50629 | D:15     | Found Acoociapp's Magic Scroll Boutique.
 50744 | D:15     | Offered knowledge of Starburst by Vehumet.
 51542 | D:15     | Found a radiant altar of Vehumet.
 52445 | D:15     | Found a staircase to the Depths.
 52842 | Swamp:1  | Reached skill level 5 in Earth Magic
 54353 | Swamp:2  | Reached XP level 17. HP: 100/100 MP: 16/37
 54387 | Swamp:2  | Learned a level 6 spell: Starburst
 54808 | Swamp:2  | Found the +5 demon whip "Spellbinder" {antimagic, MR+}
 54914 | Swamp:2  | Got a distressingly furry chain mail
 55346 | D:15     | Got a jewelled hat
 55357 | D:15     | Identified the cursed +0 hat "Zotzanyw" {rC++ Dex+4} (You
                  | found it on level 15 of the Dungeon)
 55361 | D:15     | Identified the +1 chain mail of Going Fast {rPois} (You
                  | found it on level 2 of the Swamp)
 56063 | Swamp:3  | Reached skill level 17 in Spellcasting
 56773 | Swamp:4  | Entered Level 4 of the Swamp
 57306 | Swamp:4  | Got a crude chain mail
 57308 | Swamp:4  | Identified the +7 chain mail of Sunlight {rN++} (You found
                  | it on level 4 of the Swamp)
 57411 | Swamp:4  | Offered knowledge of Iron Shot by Vehumet.
 59484 | Swamp:4  | Got a decaying rune of Zot
 59563 | Swamp:4  | Got a distressingly furry robe
 59573 | Swamp:4  | Identified the +1 robe "Pocarph" {*Slow +Blink Dex+5} (You
                  | found it on level 4 of the Swamp)
 59976 | Orc:2    | Learned a level 6 spell: Iron Shot
 60060 | Elf:1    | Noticed Azrael
 60513 | Snake:1  | Entered Level 1 of the Snake Pit
 61042 | Snake:1  | Acquired an uncursed staff of conjuration
 61425 | Snake:1  | Reached XP level 18. HP: 84/107 MP: 22/39
 61534 | Snake:2  | Found a large runed translucent door.
 61535 | Snake:2  | Found a large runed translucent door.
 61539 | Snake:2  | Noticed Icun's ghost (journeyman GnWr)
 61589 | Snake:2  | Reached skill level 10 in Fighting
 63500 | Snake:4  | Entered Level 4 of the Snake Pit
 63728 | Snake:4  | Reached skill level 18 in Spellcasting
 65290 | Snake:4  | Reached skill level 5 in Stealth
 65501 | Snake:3  | Reached ****** piety under Vehumet
 65649 | Snake:4  | Offered knowledge of Shatter by Vehumet.
 65649 | Snake:4  | Offered knowledge of Tornado by Vehumet.
 65649 | Snake:4  | Offered knowledge of Ignition by Vehumet.
 66540 | Snake:4  | Reached XP level 19. HP: 114/114 MP: 6/41
 67375 | Snake:4  | Got a serpentine rune of Zot
 68021 | Vaults:1 | Entered Level 1 of the Vaults
 68027 | Vaults:1 | Noticed Asterion
 68030 | Vaults:1 | Killed Asterion
 68612 | Vaults:1 | Learned a level 8 spell: Ignition
 68923 | Vaults:1 | Found Alimir's Antique Armour Shoppe.
 69412 | Vaults:1 | Found Zanohida's Book Boutique.
 69486 | Vaults:1 | Bought a manual of Dodging for 1214 gold pieces
 69861 | Vaults:2 | Reached skill level 15 in Fire Magic
 70047 | Vaults:2 | Found Vuxerph's Weapon Emporium.
 70121 | Vaults:2 | Reached skill level 19 in Spellcasting
 70367 | Vaults:2 | Found a runed translucent gate.
 70367 | Vaults:2 | Found a runed translucent gate.
 70367 | Vaults:2 | Found a runed translucent gate.
 70369 | Vaults:2 | Noticed garrulousMonolith's ghost (veteran GnFi)
 71033 | Vaults:2 | Found a portal to a secret trove of treasure.
 71687 | Vaults:3 | Reached XP level 20. HP: 121/121 MP: 9/43
 72790 | Vaults:3 | Found a staircase to the Crypt.
 72790 | Vaults:3 | Found an ancient bone altar of Kikubaaqudgha.
 72819 | Vaults:3 | Found a basalt altar of Yredelemnul.
 73000 | Vaults:3 | Reached skill level 5 in Dodging
 74740 | Vaults:4 | Found the +6 arbalest "Damnation" {damnation}
 75978 | Vaults:5 | Entered Level 5 of the Vaults
 75979 | Vaults:5 | Noticed a golden dragon
 76255 | Elf:1    | Killed Azrael
 76732 | Elf:1    | Noticed Kirke
 76736 | Elf:1    | Killed Kirke
 76943 | Elf:1    | Reached XP level 21. HP: 128/128 MP: 22/44
 77738 | Elf:2    | Got a wavering granite ring
 78143 | Elf:2    | Found a runed translucent gate.
 78143 | Elf:2    | Found a runed translucent gate.
 78153 | Elf:2    | Found a runed translucent gate.
 78233 | Elf:2    | Noticed Jorgrun
 78237 | Elf:2    | Killed Jorgrun
 78335 | Elf:1    | Reached skill level 20 in Spellcasting
 79691 | Elf:3    | Entered Level 3 of the Elven Halls
 79719 | Elf:3    | Noticed Nikola
 79723 | Elf:3    | Killed Nikola
 80570 | Elf:3    | Found the ring of Phasing {EV+8}
 80651 | Elf:3    | Reached XP level 22. HP: 135/135 MP: 35/46
 80666 | Elf:3    | Identified the cursed +2 quarterstaff "Wubrokof" {speed,
                  | rF+}
 80787 | Elf:3    | Identified the Collected Works on the Entourage and Evil
                  | Arts
 80802 | Elf:3    | Identified Dosmomir's Incunabulum of the Dislocated
                  | Snowflakes
 81216 | Elf:3    | Identified the ring "Etaedwon" {MR++ AC+4 Str+7 Dex-2} (You
                  | found it on level 2 of the Elven Halls)
 81460 | Elf:3    | Got a polished broad axe
 81495 | Elf:3    | Got a jewelled great sword
 81505 | Elf:3    | Got a dazzling battleaxe
 81529 | Elf:3    | Identified the +2 broad axe of Xom's Felicitations {pain,
                  | rF- Str+4 Int+3} (You found it on level 3 of the Elven
                  | Halls)
 81531 | Elf:3    | Identified the +9 great sword of the Final Places {vamp,
                  | rElec Str+3} (You found it on level 3 of the Elven Halls)
 81533 | Elf:3    | Identified the +6 battleaxe of the Protecting Goat {flame,
                  | rC+ MR+ Dex+5} (You found it on level 3 of the Elven Halls)
 81547 | Elf:3    | Learned a level 9 spell: Fire Storm
 82314 | Depths:1 | Entered Level 1 of the Depths
 82791 | Slime:1  | Entered Level 1 of the Pits of Slime
 83200 | Slime:1  | Gained mutation: You are weak. (Str -2) [a shining eye]
 84451 | Slime:2  | Gained mutation: You tend to lose your temper in combat. [a
                  | shining eye]
 84453 | Slime:2  | Lost mutation: Your spells are a little harder to cast, but
                  | a little more powerful. [a shining eye]
 84599 | Slime:1  | Gained mutation: You often lose your temper in combat. [a
                  | shining eye]
 84602 | Slime:1  | Gained mutation: Your body sometimes deteriorates upon
                  | taking damage. [a shining eye]
 85772 | Slime:5  | Entered Level 5 of the Pits of Slime
 85776 | Slime:5  | Reached skill level 21 in Spellcasting
 85790 | Slime:5  | Noticed the Royal Jelly
 85900 | Slime:5  | Reached XP level 23. HP: 110/141 MP: 44/48
 86269 | Slime:5  | Found a viscous altar of Jiyva.
 86324 | Slime:5  | Lost mutation: Your flesh is cold resistant. (rC+) [a
                  | shining eye]
 86755 | Slime:5  | Killed the Royal Jelly
 87107 | Slime:5  | Got a slimy rune of Zot
 87164 | Slime:5  | Lost mutation: You are weak. (Str -2) [potion of mutation]
 87164 | Slime:5  | Lost mutation: You often lose your temper in combat.
                  | [potion of mutation]
 87164 | Slime:5  | Lost mutation: Your body sometimes deteriorates upon taking
                  | damage. [potion of mutation]
 87164 | Slime:5  | Gained mutation: You expend magic power (3 MP) to
                  | strengthen your wands. [potion of mutation]
 87164 | Slime:5  | Gained mutation: You can translocate small distances at
                  | will. [potion of mutation]
 87165 | Slime:5  | Lost mutation: You expend magic power (3 MP) to strengthen
                  | your wands. [potion of mutation]
 87165 | Slime:5  | Lost mutation: You are resistant to hostile enchantments.
                  | (MR+) [potion of mutation]
 87165 | Slime:5  | Lost mutation: You can translocate small distances at will.
                  | [potion of mutation]
 87165 | Slime:5  | Lost mutation: Your mind is acute. (Int +2) [potion of
                  | mutation]
 87165 | Slime:5  | Gained mutation: You have a somewhat thin skeletal
                  | structure. (Dex +2, Stealth) [potion of mutation]
 87165 | Slime:5  | Gained mutation: You have a pair of small horns on your
                  | head. [potion of mutation]
 87165 | Slime:5  | Gained mutation: You are agile. (Dex +2) [potion of
                  | mutation]
 87581 | Vaults:5 | Noticed a golden dragon
 87582 | Vaults:5 | Reached skill level 10 in Dodging
 87590 | Vaults:4 | Killed a golden dragon
 87718 | Vaults:4 | Killed a golden dragon
 88138 | Vaults:5 | Reached XP level 24. HP: 106/148 MP: 32/48
 88347 | Vaults:5 | Reached skill level 22 in Spellcasting
 88926 | Vaults:5 | Identified Sif Muna's Almanac of Slavery and Orientation
 88986 | Vaults:5 | Identified the ring of Idealism {+Fly rC+ Int+2 Dex+4 SInv}
 88992 | Vaults:5 | Identified the cursed +1 scimitar of Amortisation {venom,
                  | rF++ Int-3 Dex+4 Stlth+}
 89112 | Vaults:5 | Acquired 684 gold pieces
 89337 | Vaults:5 | Got a sparkling turquoise ring
 89948 | Vaults:5 | Identified Teistrur's Compendium of the Glacier and Evil
                  | Arts
 90080 | Vaults:5 | Got a silver rune of Zot
 90116 | Vaults:5 | Identified the ring "Bimpaeblou" {Dex+6 Stlth+} (You found
                  | it on level 5 of the Vaults)
 90480 | Depths:1 | Found a one-way gate leading to the halls of Pandemonium.
 90822 | Depths:1 | Found a gateway to a ziggurat.
 91072 | Depths:1 | Found a one-way gate to the infinite horrors of the Abyss.
 91553 | Depths:1 | Found a gateway to Hell.
 92581 | Depths:2 | Identified Qefaboim's Early Guide to Witchery
 92763 | Depths:2 | Reached XP level 25. HP: 154/154 MP: 37/49
 93040 | Depths:2 | Got a scorched lead ring
 93363 | Depths:3 | Reached skill level 15 in Fighting
 94985 | Depths:3 | Reached skill level 23 in Spellcasting
 95697 | Depths:3 | Identified the cursed ring "Qireytai" {Str+4 Dex-4} (You
                  | found it on level 2 of the Depths)
 95896 | Depths:3 | Found the +0 staff of Battle
 96133 | Depths:3 | Identified the Tome of the Gastropod
 97605 | Depths:4 | Reached XP level 26. HP: 161/161 MP: 21/50
 98288 | Depths:5 | Entered Level 5 of the Depths
 98288 | Depths:5 | Found a transporter.
 98288 | Depths:5 | Noticed Plog's ghost (adept DgCj)
 98518 | Depths:5 | Found a transporter.
 98524 | Depths:5 | Noticed a juggernaut
 99218 | Crypt:1  | Entered Level 1 of the Crypt
101792 | Crypt:2  | Noticed Donald
101797 | Crypt:2  | Killed Donald
102828 | Crypt:3  | Entered Level 3 of the Crypt
103378 | Crypt:3  | Reached skill level 24 in Spellcasting
104354 | Depths:5 | Noticed a juggernaut
104566 | Depths:4 | Reached XP level 27. HP: 161/168 MP: 16/51
105822 | Depths:5 | Found a gate to the Realm of Zot.
105823 | Depths:5 | Got a scorched hat
107217 | Depths:4 | Identified the +1 hat of Sin {Harm Regen+ Dex+3} (You found
                  | it on level 5 of the Depths)
107582 | Zot:1    | Entered Level 1 of the Realm of Zot
107746 | Zot:1    | Gained mutation: You do not regenerate when monsters are
                  | visible. [mutagenic glow]
107764 | Depths:5 | Gained mutation: Your body sometimes deteriorates upon
                  | taking damage. [mutagenic glow]
109095 | Zot:2    | Reached skill level 25 in Spellcasting
112799 | Zot:3    | Noticed an orb of fire
112800 | Zot:3    | Gained mutation: Scrolls take you a little longer to read.
                  | [an orb of fire]
112806 | Zot:3    | Gained mutation: Your body often deteriorates upon taking
                  | damage. [an orb of fire]
112810 | Zot:3    | Killed an orb of fire
112908 | Zot:3    | Noticed an orb of fire
112916 | Zot:3    | Killed an orb of fire
113191 | Zot:3    | Noticed an orb of fire
113199 | Zot:3    | Killed an orb of fire
113950 | Zot:4    | Identified the +4 dragonskin cloak
113950 | Zot:4    | Noticed Tiamat
114656 | Zot:4    | Killed Tiamat
114836 | Zot:4    | Reached skill level 26 in Spellcasting
115091 | Zot:4    | Noticed an orb of fire
115092 | Zot:4    | Gained mutation: You are weak. (Str -2) [an orb of fire]
115096 | Zot:4    | Lost mutation: You are agile. (Dex +2) [an orb of fire]
115102 | Zot:4    | Killed an orb of fire
115350 | Zot:4    | Lost mutation: Your body often deteriorates upon taking
                  | damage. [potion of mutation]
115350 | Zot:4    | Lost mutation: You have a pair of small horns on your head.
                  | [potion of mutation]
115350 | Zot:4    | Lost mutation: You tend to lose your temper in combat.
                  | [potion of mutation]
115350 | Zot:4    | Gained mutation: Your body often deteriorates upon taking
                  | damage. [potion of mutation]
115350 | Zot:4    | Gained mutation: You expend magic power (3 MP) to
                  | strengthen your wands. [potion of mutation]
115351 | Zot:4    | Lost mutation: Scrolls take you a little longer to read.
                  | [potion of mutation]
115351 | Zot:4    | Lost mutation: You have a beak for a mouth. [potion of
                  | mutation]
115351 | Zot:4    | Gained mutation: You have a pair of small antennae on your
                  | head. [potion of mutation]
115351 | Zot:4    | Gained mutation: Armour fits poorly on your strangely
                  | shaped body. [potion of mutation]
115351 | Zot:4    | Lost mutation: You are weak. (Str -2) [potion of mutation]
115362 | Zot:4    | Lost mutation: Your body often deteriorates upon taking
                  | damage. [potion of mutation]
115362 | Zot:4    | Lost mutation: You do not regenerate when monsters are
                  | visible. [potion of mutation]
115362 | Zot:4    | Gained mutation: You do not regenerate when monsters are
                  | visible. [potion of mutation]
115362 | Zot:4    | Lost mutation: Your body sometimes deteriorates upon taking
                  | damage. [potion of mutation]
115362 | Zot:4    | Gained mutation: Your muscles are strong. (Str +2) [potion
                  | of mutation]
115362 | Zot:4    | Gained mutation: You are somewhat resistant to further
                  | mutation. [potion of mutation]
115363 | Zot:4    | Lost mutation: You expend magic power (3 MP) to strengthen
                  | your wands. [potion of mutation]
115363 | Zot:4    | Lost mutation: You have a pair of small antennae on your
                  | head. [potion of mutation]
115363 | Zot:4    | Gained mutation: You are resistant to hostile enchantments.
                  | (MR+) [potion of mutation]
115364 | Zot:4    | Lost mutation: You are somewhat resistant to further
                  | mutation. [potion of mutation]
115364 | Zot:4    | Lost mutation: Armour fits poorly on your strangely shaped
                  | body. [potion of mutation]
115364 | Zot:4    | Gained mutation: You have sharp toenails. [potion of
                  | mutation]
115364 | Zot:4    | Gained mutation: Your mind is acute. (Int +2) [potion of
                  | mutation]
115364 | Zot:4    | Gained mutation: You have a pair of small antennae on your
                  | head. [potion of mutation]
115387 | Zot:5    | Entered Level 5 of the Realm of Zot
115388 | Zot:5    | Noticed an orb of fire
115388 | Zot:5    | Noticed an ancient lich
115391 | Zot:5    | Killed an ancient lich
115395 | Zot:5    | Gained mutation: You are frail. (-10% HP) [an orb of fire]
115395 | Zot:5    | Noticed an ancient lich
115400 | Zot:5    | Killed an ancient lich
115400 | Zot:5    | Lost mutation: Your mind is acute. (Int +2) [an orb of
                  | fire]
115410 | Zot:5    | Noticed an ancient lich
115666 | Zot:4    | Lost mutation: Your muscles are strong. (Str +2) [potion of
                  | mutation]
115666 | Zot:4    | Lost mutation: You are frail. (-10% HP) [potion of
                  | mutation]
115666 | Zot:4    | Lost mutation: You have sharp toenails. [potion of
                  | mutation]
115666 | Zot:4    | Gained mutation: You have sharp fingernails. [potion of
                  | mutation]
115667 | Zot:4    | Lost mutation: You have a pair of small antennae on your
                  | head. [potion of mutation]
115667 | Zot:4    | Gained mutation: You can translocate small distances at
                  | will. [potion of mutation]
116098 | Zot:5    | Noticed an orb of fire
116102 | Zot:5    | Gained mutation: You are frail. (-10% HP) [an orb of fire]
116104 | Zot:5    | Killed an orb of fire
116236 | Zot:5    | Killed an ancient lich
116365 | Zot:5    | Noticed an ancient lich
116367 | Zot:5    | Killed an ancient lich
116386 | Zot:5    | Noticed an orb of fire
116389 | Zot:5    | Gained mutation: Scrolls take you a little longer to read.
                  | [an orb of fire]
116397 | Zot:5    | Gained mutation: You are very frail. (-20% HP) [an orb of
                  | fire]
116400 | Zot:5    | Gained mutation: Armour fits poorly on your strangely
                  | shaped body. [an orb of fire]
116404 | Zot:5    | Killed an orb of fire
116593 | Zot:5    | Lost mutation: You are very frail. (-20% HP) [potion of
                  | mutation]
116593 | Zot:5    | Lost mutation: Scrolls take you a little longer to read.
                  | [potion of mutation]
116593 | Zot:5    | Lost mutation: You are resistant to hostile enchantments.
                  | (MR+) [potion of mutation]
116593 | Zot:5    | Lost mutation: Armour fits poorly on your strangely shaped
                  | body. [potion of mutation]
116593 | Zot:5    | Gained mutation: You evolve. [potion of mutation]
116595 | Zot:5    | Lost mutation: You are frail. (-10% HP) [potion of
                  | mutation]
116595 | Zot:5    | Lost mutation: You are partially covered in yellow scales.
                  | (AC +2) [potion of mutation]
116595 | Zot:5    | Lost mutation: You have a somewhat thin skeletal structure.
                  | (Dex +2, Stealth) [potion of mutation]
116595 | Zot:5    | Lost mutation: You can translocate small distances at will.
                  | [potion of mutation]
116595 | Zot:5    | Gained mutation: You can translocate small distances at
                  | will. [potion of mutation]
116595 | Zot:5    | Gained mutation: Potions are less effective at restoring
                  | your health. [potion of mutation]
116595 | Zot:5    | Gained mutation: You have a beak for a mouth. [potion of
                  | mutation]
117029 | Zot:5    | Noticed an orb of fire
117221 | Zot:5    | Gained mutation: Your body sometimes deteriorates upon
                  | taking damage. [an orb of fire]
117223 | Zot:5    | Gained mutation: Your spells are a little easier to cast,
                  | but a little less powerful. [an orb of fire]
117225 | Zot:5    | Gained mutation: You are partially covered in iridescent
                  | scales. (AC +2) [an orb of fire]
117227 | Zot:5    | Gained mutation: Your body often deteriorates upon taking
                  | damage. [an orb of fire]
117234 | Zot:5    | Gained mutation: Scrolls take you a little longer to read.
                  | [an orb of fire]
117236 | Zot:5    | Gained mutation: Scrolls take you longer to read. [an orb
                  | of fire]
117237 | Zot:5    | Gained mutation: Your mind is acute. (Int +2) [an orb of
                  | fire]
117257 | Zot:5    | Gained mutation: You are weak. (Str -2) [an orb of fire]
117275 | Zot:5    | Lost mutation: Your mind is acute. (Int +2) [potion of
                  | mutation]
117275 | Zot:5    | Lost mutation: You evolve. [potion of mutation]
117275 | Zot:5    | Lost mutation: Scrolls take you longer to read. [potion of
                  | mutation]
117275 | Zot:5    | Gained mutation: You expend magic power (3 MP) to
                  | strengthen your wands. [potion of mutation]
117275 | Zot:5    | Gained mutation: You are dopey. (Int -2) [an orb of fire]
117280 | Zot:5    | Killed from afar by an orb of fire

Illustrated notes

Levels and vault maps discovered:
D:1:      dpeg_arrival_circle_labyrinth_b, layout_basic,
          hangedman_decor_slide_cut, minmay_misc_feat_columns,
          hangedman_decor_clover_reticule, due_unseen_surprise
D:2:      layout_basic, nicolae_dithmenos_through_a_glass_darkly
D:3:      minmay_door_path, layout_basic, lemuel_coloured_pillars_altar
D:4:      layout_gridville, chequers_temple_overflow_statue_of_worship
D:5:      layout_loops_ring, kennysheep_mini_moat, overflow_temple_1_default,
          nicolae_ossuary_entry_ruins, minivault_1
D:6:      layout_cave_pools, nemelex_xobeh_ov_fountains_minmay,
          overflow_temple_1_default, temple_hall, uniq_menkaure
D:7:      layout_basic, zin_academy, nicolae_overflow_crystal_walls,
          fedhas_altar_3, uniq_pikel, uniq_crazy_yiuf_cottage
D:8:      layout_basic, grunt_temple_overflow_open, minivault_23,
          david_defended_altar_elf, uniq_joseph
D:9:      layout_basic, erik_lair_dragon, roderic_st_hans_cross,
          minmay_fire_ice_demons, uniq_harold
D:10:     layout_rooms, basic_altar, due_unseen_surprise, uniq_sonja
D:11:     layout_rooms, gauntlet_entry_generic
D:12:     layout_loops_cross, minmay_orc_entry_temple_small
D:13:     layout_irregular_city, ximxim_vaults_locker_room, serial_undead,
          serial_undead_c, serial_undead_e, serial_undead_b, serial_undead_d,
          serial_undead_b, serial_undead_d, serial_undead_b, billiards_dpeg,
          uniq_maurice
D:14:     layout_rooms, basic_altar, hangedman_abyss_or_decor_slice,
          grunt_livestock
D:15:     grunt_enter_depths_magical_seal, layout_layer_cave, serial_shops,
          shop, lemuel_crystal_altar, minivault_11
Lair:1:   layout_long_grid, maelrawn_ghost_gauntlet_escape, minmay_holes
Lair:2:   layout_chaotic_city, minmay_swamp_entry_worms,
          minmay_snake_entry_guardpost_small, hellmonk_ghost_happy_afterlife,
          minivault_24
Lair:3:   lemuel_reptile_caves, layout_regular_city, ebering_ghost_rock_garden,
          serial_bayou_pond_d, serial_bayou_shore_b, grunt_megastairs_2
Lair:4:   wad_woods_stonehenge, layout_regular_city
Lair:5:   layout_layer_cave, slime_altar_1, minmay_lair_oklob_chamber
Lair:6:   minmay_lair_end_enchanted_forest, layout_layer_cave,
          ebering_ghost_disaster_area, basic_altar, lemuel_oklob_altar,
          uniq_josephine
Swamp:1:  layout_basic_swamp, hangedman_swamp_ruin_wall, swamp_pool3, uniq_aizul
Swamp:2:  layout_basic_swamp, nicolae_swamp_treefoil
Swamp:3:  layout_basic_swamp, evilmike_swamp_ruin_house_5
Swamp:4:  swamp_basic_johnstein, layout_basic_swamp
Snake:1:  layout_misc_corridors
Snake:2:  layout_onion_interference, ebering_ghost_disaster_area
Snake:3:  layout_cave_town
Snake:4:  snake_pit, layout_layer_cave, drop_trap
Slime:1:  layout_caves, nicolae_slime_phagocytosis
Slime:2:  layout_caves
Slime:3:  layout_caves
Slime:4:  layout_caves
Slime:5
Orc:1:    minmay_goldmine, layout_caves, serial_shops, shop,
          nicolae_shop_statue_plus
Orc:2:    grunt_orc_tribal_feast, layout_diamond_mine, basic_altar, mines1_david
Elf:1:    layout_rooms, kennysheep_underground_church,
          nicolae_elf_big_sculpture_1, uniq_kirke, uniq_azrael
Elf:2:    layout_geoelf_grid, hex_intersection, uniq_jorgrun
Elf:3:    elf_hall, layout_geoelf_castle, guppyfry_library_mini, uniq_nikola
Vaults:1: vaults_room_mumra_shop_pool, dpeg_vaults_monster_box,
          nicolae_vaults_specimen_jars, nicolae_vaults_yaktaur_gun_rack,
          v_misc_22, nicolae_vaults_network_quinsquares
          [nicolae_vaults_network_quincunx_subvault,
          nicolae_vaults_network_quincunx_subvault,
          nicolae_vaults_network_quincunx_subvault,
          nicolae_vaults_network_quincunx_subvault],
          nicolae_vaults_little_squares_6, v_alt_pattern_5,
          nicolae_vaults_little_squares_5, v_rooms_5, v_misc_15,
          nicolae_vaults_theta, layout_vaults_omnicross, serial_shops, shop,
          uniq_asterion
Vaults:2: gammafunk_vaults_ghost_necromancy, dpeg_vaults_monster_row,
          vaults_standard_mumra_enter_the_diamond, nicolae_vaults_theta,
          nicolae_vaults_stairing_the_circle, nicolae_vaults_little_squares_3,
          nicolae_vaults_statue_guard, layout_vaults_quadrants, enter_trove_0,
          serial_shops, shop
Vaults:3: vaults_room_semicircle, vaults_mumra_hex, v_misc_4, v_misc_3,
          v_misc_25, nicolae_vaults_circle_grid_b,
          ontoclasm_vaults_decontamination, ontoclasm_vaults_ring_small,
          v_rooms_2, vaults_room_door_ring, vaults_standard_mumra_x,
          ontoclasm_vaults_tryst, v_misc_9, nicolae_vaults_hallways_thing,
          nicolae_vaults_theta, vaults_dpeg_diagonal, layout_vaults_maze_snakey,
          minmay_crypt_entry_necro_gods
Vaults:4: hangedman_vaults_snaps, ontoclasm_vaults_ring_large, v_misc_32,
          nicolae_vaults_fighting_squares, hangedman_vaults_variations,
          v_pattern_2, nicolae_vaults_network_periphery, v_misc_26,
          layout_vaults_omnibox
Vaults:5: serial_shops
Crypt:1:  layout_chaotic_city, minivault_27, grunt_crypt_arrival_webbed,
          roderic_lattice_octagonal_star
Crypt:2:  layout_rooms, uniq_donald
Crypt:3:  cryptofortress_bobbens, uniq_margery
Depths:1: layout_cave_pools, enter_ziggurat_a, abyss_entry_small_statue_room,
          grunt_hell_entry_dis_mu, pan_entry, dk_noncrumbling_3,
          wad_rectangle_vault
Depths:2: minmay_sliced_demisemicircle, layout_basic, abyss_entry, hell_entry
Depths:3: box_level_dp, pan_entry, hell_entry
Depths:4: wad_guarded_room, layout_basic, abyss_entry, grunt_decor_resistance,
          hell_entry
Depths:5: grunt_zot_entry_bicorn, layout_small_grid, gammafunk_ghost_mausoleum,
          rand_demon_pan_entry_9, hell_entry
Zot:1:    layout_onion_interference
Zot:2:    grunt_twist_and_shout, layout_cathedral_of_symmetry
Zot:3:    kennysheep_blocky_hall, layout_onion_interference
Zot:4:    layout_misc_corridors, uniq_tiamat
Zot:5:    layout_misc_corridors

Skill      XL: |  1  2  3  4  5  6  7  8  9 10 11 12 13 14 15 16 17 18 19 20 21 22 23 24 25 26 27 |
---------------+----------------------------------------------------------------------------------+-----
Spellcasting   | 3 4 6 7 8 10 11 12 13 14 15 16 17 18 19 20 21 22 23 24 26 | 26.8
Fire Magic     | 4 5 6 8 9 10 11 12 13 14 15 16 17 18 19 20 21 24 | 24.6
Conjurations   | 2 3 5 7 9 11 12 13 14 15 17 18 19 20 21 22 23 24 25 | 25.9
Stealth        | 3 4 5 |  5.4
Dodging        | 2 3 4 6 8 9 10 11 | 11.1
Fighting       | 2 3 6 7 8 9 11 12 13 14 15 16 18 | 18.5
Poison Magic   | 1 |  1.1
Armour         | 2 3 4 |  4.2
Earth Magic    | 1 2 4 5 6 |  6.5
Transmutations | 1 |  1.2
Short Blades   | |  0.1
Air Magic      | |  0.8

Action                   |  1- 3 |  4- 6 |  7- 9 | 10-12 | 13-15 | 16-18 | 19-21 | 22-24 | 25-27 || total
-------------------------+-------+-------+-------+-------+-------+-------+-------+-------+-------++-------
Melee: Spear             |    20 |    19 |    24 |       |       |       |       |       |       ||    63
       Dagger            |       |       |    35 |    43 |       |       |       |       |       ||    78
       Peck              |       |       |     4 |    10 |     5 |     5 |     6 |     1 |    22 ||    53
       Staff             |       |       |       |       |    13 |    11 |    16 |     2 |    46 ||    88
       Headbutt          |       |       |       |       |       |       |       |     1 |    24 ||    25
 Cast: Foxfire           |    98 |   160 |   588 |   536 |   399 |    65 |     4 |     5 |    29 ||  1884
       Fireball          |       |       |       |   101 |   359 |   514 |   423 |   319 |   527 ||  2243
       Sticky Flame      |       |       |       |    32 |    94 |    32 |    15 |     2 |     3 ||   178
       Conjure Flame     |       |       |       |    30 |    10 |       |     1 |       |     2 ||    43
       Searing Ray       |       |       |       |     8 |       |     5 |       |       |       ||    13
       Mephitic Cloud    |       |       |       |    11 |    20 |       |     1 |       |       ||    32
       Ignite Poison     |       |       |       |     8 |    16 |     4 |     1 |       |       ||    29
       Bolt of Magma     |       |       |       |     2 |    18 |    39 |    44 |    55 |    93 ||   251
       Passwall          |       |       |       |     2 |     1 |       |       |       |       ||     3
       Orb of Destructio |       |       |       |       |    22 |    28 |    23 |    32 |    99 ||   204
       Starburst         |       |       |       |       |       |     9 |    15 |    15 |    30 ||    69
       Iron Shot         |       |       |       |       |       |     5 |     1 |       |       ||     6
       Ignition          |       |       |       |       |       |       |     1 |    39 |   167 ||   207
       Fire Storm        |       |       |       |       |       |       |       |     2 |   177 ||   179
 Abil: Fly               |       |       |       |       |     1 |     1 |       |       |       ||     2
       Stop Flying       |       |       |       |       |     1 |       |       |       |       ||     1
Evoke: Wand              |       |       |       |     1 |       |       |       |       |       ||     1
  Use: Scroll            |       |     7 |     6 |    10 |    17 |    14 |     5 |     6 |     5 ||    70
       Potion            |       |       |     8 |     6 |       |     6 |     1 |     3 |    25 ||    49
Armor: Robe              |    14 |    15 |    47 |    34 |       |       |       |       |       ||   110
       Troll leather arm |       |       |       |    30 |       |       |       |       |       ||    30
       Leather armour    |       |       |       |    23 |   129 |   166 |    98 |    89 |   198 ||   703
Dodge: Dodged            |    16 |    30 |   132 |   130 |   241 |   329 |   137 |   141 |   417 ||  1573

Table legend: (Time is in decaauts)
 A = Elapsed time spent in this place.
 B = Non-inter-level travel time spent in this place.
 C = Inter-level travel time spent in this place.
 D = Time resting spent in this place.
 E = Time spent auto-exploring this place.
 F = Levels seen in this place.
 G = Mean time per level.
                   A        B        C        D        E       F      G
               +--------+--------+--------+--------+--------+-----+--------+
         Total | 117499 | 107296 |  10203 |  48333 |  43006 |  59 | 1991.5 |
       Dungeon |  33186 |  28351 |   4835 |  11494 |  12365 |  15 | 2212.4 |
          Lair |  13294 |  11762 |   1532 |   4958 |   4786 |   6 | 2215.7 |
         Swamp |   7538 |   6967 |    571 |   3502 |   2416 |   4 | 1884.5 |
     Snake Pit |   7211 |   6653 |    558 |   2540 |   3109 |   4 | 1802.8 |
    Slime Pits |   4387 |   4198 |    189 |   1525 |   2142 |   5 |  877.4 |
  Orcish Mines |   4385 |   3853 |    532 |   1509 |   1403 |   2 | 2192.5 |
   Elven Halls |   5439 |   5196 |    243 |   2182 |   2246 |   3 | 1813.0 |
        Vaults |  11194 |  10342 |    852 |   4008 |   5324 |   5 | 2238.8 |
         Crypt |   4678 |   4403 |    275 |   2422 |   1496 |   3 | 1559.3 |
        Depths |  12544 |  12058 |    486 |   6069 |   4404 |   5 | 2508.8 |
           Zot |   9113 |   8987 |    126 |   5495 |   2448 |   5 | 1822.6 |
       Ossuary |   2007 |   2007 |      0 |    953 |    697 |   1 | 2007.0 |
      Gauntlet |   2517 |   2517 |      0 |   1675 |    170 |   1 | 2517.0 |
               +--------+--------+--------+--------+--------+-----+--------+

Top non-repeatable levels by time:
     D:9: 4783 daAuts
Depths:3: 3939 daAuts
    D:12: 3640 daAuts
Depths:5: 3063 daAuts
 Snake:4: 3018 daAuts
   Orc:2: 2990 daAuts
Vaults:4: 2911 daAuts
  Lair:6: 2905 daAuts
   Zot:3: 2682 daAuts
    D:13: 2623 daAuts
     D:8: 2620 daAuts
    D:15: 2614 daAuts
Gauntlet: 2517 daAuts
 Crypt:1: 2453 daAuts
  Lair:5: 2448 daAuts
